 Dungeon Crawl Stone Soup version 0.29.1-15-g9cfb28693d (webtiles) character file.

Game seed: 11104867938480924596

509 monsoonserge the Sneak (level 6, -8/29 HPs)
             Began as a Spriggan Enchanter on Apr 25, 2023.
             Mangled by an iguana (9 damage)
             ... on level 4 of the Dungeon.
             The game lasted 00:14:12 (4268 turns).

monsoonserge the Sneak (Spriggan Enchanter)         Turns: 4268, Time: 00:14:14

Health: -8/29      AC:  3    Str:  4    XL:     6   Next: 98%
Magic:  11/11      EV: 18    Int: 17    God:
Gold:   191        SH:  0    Dex: 17    Spells: 6/11 levels left

rFire   . . .      SeeInvis +   t - +4 dagger
rCold   . . .      Faith    .   (no shield)
rNeg    . . .      Spirit   .   b - +0 robe
rPois   .          Reflect  .   (helmet restricted)
rElec   .          Harm     .   i - +0 cloak
rCorr   .          Rampage  .   (gloves unavailable)
Will    +....                   (boots unavailable)
Stlth   ++++......              j - amulet of magic regeneration
HPRegen 0.09/turn               (no ring)
MPRegen 0.52/turn               (no ring)

@: very quick
A: very small, no large weapons, unfitting armour, see invisible, speed 3
a: no special abilities


You were on level 4 of the Dungeon.
You visited 1 branch of the dungeon, and saw 4 of its levels.

You collected 191 gold pieces.

Inventory:

Hand Weapons
 o - a +1 dagger of venom
 p - a +0 sling of flaming
 t - a +4 dagger (weapon)
 x - a +0 shortbow
Missiles
 e - 37 stones (quivered)
 w - 2 throwing nets
Armour
 b - a +0 robe (worn)
 i - a +0 cloak (worn)
Jewellery
 j - an amulet of magic regeneration (around neck)
 r - an amulet of faith
Scrolls
 a - a scroll of blinking {unknown}
 d - a scroll of enchant weapon {unknown}
 f - 6 scrolls of identify {unknown}
 k - a scroll of noise {unknown}
 l - 2 scrolls of poison {unknown}
 n - 2 scrolls of teleportation {unknown}
 s - a scroll of amnesia {unknown}
 u - 3 scrolls of immolation {unknown}
 y - a scroll of fog {unknown}
Potions
 c - 2 potions of invisibility
 g - a potion of might {unknown}
 h - 4 potions of curing {unknown}
 m - a potion of attraction {unknown}
 q - a potion of heal wounds {unknown}
 v - 3 potions of haste {unknown}


   Skills:
 + Level 0.4 Fighting
 + Level 2.6 Short Blades
 + Level 3.7 Dodging
 + Level 7.8 Stealth
 - Level 3.0 Spellcasting
 + Level 5.6 Hexes
 + Level 2.6 Ice Magic


You had 6 spell levels left.
You knew the following spells:

 Your Spells              Type           Power      Damage    Failure   Level
a - Ensorcelled Hibernat  Hex/Ice        32%        N/A       4%          2
b - Confusing Touch       Hex            21%        N/A       5%          3

Your spell library contained the following spells:

 Spells                   Type           Power      Damage    Failure   Level
 Tukima's Dance           Hex            21%        N/A       5%          3
 Apportation              Tloc           4%         N/A       17%         1
 Necrotise                Necr           8%         1d4       17%         1
 Summon Small Mammal      Summ           8%         N/A       17%         1
 Dazzling Flash           Conj/Hex       24%        N/A       17%         3


Dungeon Overview and Level Annotations

Branches:
Dungeon (4/15)
 Temple: D:4-7

Altars:


Innate Abilities, Weirdness & Mutations

You are very small and have problems with some larger weapons.
You are too small for most types of armour.
You have supernaturally acute eyesight. (SInv)
You cover ground extremely quickly. (Speed+++)


Message History

There is an open door here.
You see here a +0 dagger.
Things that are here:
a +0 club; a gnoll skeleton You open the door.
An iguana comes into view.
Found a stone staircase leading up.
The iguana hisses angrily.
There is an open door here.
You hit the iguana.
The iguana is moderately wounded.
The iguana bites you.
You hit the iguana.
The iguana is severely wounded.
You completely miss the iguana.
The iguana is severely wounded.
The iguana bites you!
You hit the iguana.
The iguana is almost dead.
The iguana bites you.
You hit the iguana.
The iguana is almost dead.
The iguana closely misses you.
You barely miss the iguana.
The iguana is almost dead.
The iguana bites you!
* * * LOW HITPOINT WARNING * * *
You barely miss the iguana.
The iguana is almost dead.
The iguana misses you.
Press: ? - help, v - describe, . - travel
Here: an iguana (almost dead)
The floor, spattered with blood.
Hit: t) +4 dagger
Press: ? - help, Dir - move target, f - iguana
Aim: an iguana (almost dead, about 28% to evade your +4 dagger)
You closely miss the iguana.
The iguana is almost dead.
The iguana bites you!
You die...

..........#.##..........
#######.#.#.####'####...
#.#........# #.
#.#........####.#.
#.##..........#.#.
###'##.......##.#.#.
#....##########.#.##
#....# #.#.#. #..@.#
#.#.#.
#..l.##########.#.#.
#...................
#....###.....###..#.
#...<###.....###..#.
.....+........##..#.
......########.##..#.
#...................#.
########.###.#.


You could see an iguana.

Vanquished Creatures
  Sigmund (D:2)
  A hound (D:4)
  Jessica (D:2)
  An iguana (D:4)
  2 orc wizards (D:3)
  Robin (D:2)
  3 gnolls (D:4)
  5 adders
  A shadow imp (D:4)
  A worm (D:2)
  A dart slug (D:1)
  12 orcs (D:3)
  5 endoplasms
  5 giant cockroaches
  17 goblins
  15 hobgoblins
  9 ball pythons
  6 bats
  3 frilled lizards
  9 kobolds
  5 rats (D:1)
104 creatures vanquished.

Vanquished Creatures (others)
  A fungus (D:3)
1 creature vanquished.

Grand Total: 105 creatures vanquished

Notes
Turn   | Place    | Note
-------+----------+-------------------------------------------
     0 | D:1      | monsoonserge the Spriggan Enchanter began the quest for the
                  | Orb.
     0 | D:1      | Reached XP level 1. HP: 9/9 MP: 5/5
   222 | D:1      | Reached XP level 2. HP: 13/13 MP: 6/6
   227 | D:1      | Learned a level 2 spell: Ensorcelled Hibernation
   287 | D:1      | Reached skill level 5 in Stealth
   993 | D:2      | Noticed Robin
  1007 | D:1      | Reached XP level 3. HP: 16/16 MP: 1/8
  1089 | D:2      | Noticed Jessica
  1307 | D:2      | Noticed Sigmund
  1315 | D:2      | Killed Sigmund
  1316 | D:2      | Reached skill level 6 in Stealth
  1316 | D:2      | Reached XP level 4. HP: 17/21 MP: 2/9
  1316 | D:2      | Reached XP level 5. HP: 20/24 MP: 2/10
  1418 | D:2      | Killed Robin
  1442 | D:2      | Reached skill level 5 in Hexes
  1873 | D:2      | Killed Jessica
  1874 | D:2      | Reached XP level 6. HP: 27/28 MP: 7/11
  2422 | D:2      | Learned a level 3 spell: Confusing Touch
  2453 | D:3      | Reached skill level 7 in Stealth
  2935 | D:3      | Found a faded altar of an unknown god.
  4266 | D:4      | HP: 1/29 [iguana (12)]
  4268 | D:4      | Mangled by an iguana

Illustrated notes

Levels and vault maps discovered:
D:1:      dpeg_arrival_tiny_g, layout_basic
D:2:      layout_basic, uniq_jessica, uniq_robin, uniq_sigmund
D:3:      layout_basic, shapermc_ecumenical_altar_ellora,
          chequers_serial_rivers_small_b
D:4:      layout_basic

Skill      XL: |  1  2  3  4  5  6 |
---------------+-------------------+-----
Spellcasting   | 3 |  3.0
Stealth        | 5 6 7 |  7.8
Hexes          | 4 5 |  5.6
Dodging        | 3 |  3.7
Ice Magic      | 2 |  2.6
Short Blades   | 2 |  2.6
Fighting       | |  0.4

Action                   |  1- 3 |  4- 6 || total
-------------------------+-------+-------++-------
Melee: Dagger            |    77 |   140 ||   217
       Punch             |       |     3 ||     3
 Cast: Ensorcelled Hiber |    14 |    43 ||    57
       Confusing Touch   |       |     1 ||     1
 Stab: Sleeping          |    22 |    37 ||    59
       Confused          |       |     1 ||     1
Armor: Robe              |     6 |    27 ||    33
Dodge: Dodged            |    54 |    98 ||   152
